 Dungeon Crawl Stone Soup version 0.30-a0-1043-g60ff8d5f49 (webtiles) character file.

Game seed: 7783658497202696961

248 HoaS the Shooter (level 6, -1/44 HPs)
             Began as a Formicid Hunter on Apr 9, 2023.
             Killed by nerve-wracking pain
             ... invoked by an orc priest
              (14 damage)
             ... on level 4 of the Dungeon.
             The game lasted 00:05:44 (2807 turns).

HoaS the Shooter (Formicid Hunter)                  Turns: 2807, Time: 00:05:44

Health: -1/44      AC:  4    Str: 15    XL:     6   Next: 34%
Magic:  6/6        EV: 12    Int:  9    God:
Gold:   181        SH:  0    Dex: 19    Spells: 5/5 levels left

rFire   . . .      SeeInvis +    a - +1 shortbow
rCold   . . .      Faith    .    (no shield)
rNeg    . . .      Spirit   .    c - +1 leather armour
rPois   .          Reflect  .    (helmet unavailable)
rElec   .          Rampage  .    (no cloak)
rCorr   .                        (no gloves)
Will    .....                    (no boots)
Stlth   ++                       g - amulet of the acrobat
HPRegen 0.27/turn                (no ring)
MPRegen 0.10/turn                (no ring)

@: no status effects
A: permanent stasis, dig shafts and tunnels, antennae 3, four strong arms
a: Dig, Shaft Self


You were on level 4 of the Dungeon.
You visited 1 branch of the dungeon, and saw 4 of its levels.

You collected 181 gold pieces.

Inventory:

Hand Weapons
 a - a +1 shortbow (weapon)
Missiles
 m - a throwing net
Armour
 c - a +1 leather armour (worn)
Jewellery
 g - an amulet of the acrobat (around neck)
 q - a +4 ring of protection
 r - a +5 ring of evasion
Wands
 i - a wand of flame (20)
Scrolls
 b - a scroll of immolation
 d - a scroll of fear
 p - a scroll of identify
Potions
 e - a potion of mutation
 f - 2 potions of resistance
 h - 3 potions of curing
 j - a potion of attraction
 k - a potion of might {unknown}
 l - 2 potions of heal wounds {unknown}
 n - a potion of magic {unknown}
 o - a potion of degeneration {unknown}


   Skills:
 - Level 2.1 Fighting
 + Level 7.2 Ranged Weapons
 - Level 1.7 Dodging
 - Level 1.2 Stealth


You had 5 spell levels left.
You didn't know any spells.
Your spell library contained the following spells:

 Spells                   Type           Power      Damage    Failure   Level
 Beastly Appendage        Tmut           0%         N/A       45%         1
 Kiss of Death            Conj/Necr      0%         2d5       45%         1
 Magic Dart               Conj           0%         1d3       45%         1
 Searing Ray              Conj           0%         2d4       58%         2
 Wereblood                Tmut           0%         N/A       58%         2
 Confusing Touch          Hex            0%         N/A       83%         3
 Inner Flame              Hex/Fire       0%         N/A       83%         3
 Spider Form              Tmut/Pois      0%         N/A       83%         3
 Dispel Undead            Necr           0%         3d6       99%         4
 Flame Wave               Conj/Fire      0%         2d4       99%         4
 Fulminant Prism          Conj/Hex       0%         3d5       99%         4
 Sticky Flame             Conj/Fire      0%         2d3       99%         4


Dungeon Overview and Level Annotations

Branches:
Dungeon (4/15)
 Temple: D:4-7

Altars:

Shops:
D:2 (=(


Innate Abilities, Weirdness & Mutations

You cannot be hasted, slowed, berserked, paralysed or teleported.
You can dig through walls and to a lower floor.
You have a pair of large antennae on your head. (SInv)
Your four strong arms can wield two-handed weapons with a shield.


Message History

You sense a monster nearby.
An orc priest comes into view. It is wielding a +0 flail.
You shoot an arrow. The arrow hits the orc priest.
The orc priest shouts!
The orc priest is moderately wounded.
You hear a shout! x2
An orc priest comes into view. It is wielding a +0 whip.
The orc priest shouts!
No target in view!
No target in view!
You shoot an arrow. The arrow barely misses the orc priest.
You shoot an arrow. The arrow hits the orc priest.
The orc priest is heavily wounded.
The orc priest closely misses you.
You shoot an arrow. The arrow barely misses the orc priest.
The orc priest calls upon Beogh to heal the orc priest.
The orc priest is healed somewhat.
The orc priest hits you with a +0 flail!
You shoot an arrow. The arrow hits the orc priest!
The orc priest is almost dead.
The orc priest hits you with a +0 flail.
The orc priest invokes the aid of Beogh against you.
Pain shoots through your body!
You are too injured to fight recklessly!
You are too injured to fight recklessly!
You are too injured to fight recklessly!
You shoot an arrow. The arrow hits the orc priest!
You kill the orc priest!
The orc priest hits you with a +0 whip.
You shoot an arrow. The arrow hits the orc priest.
The orc priest is heavily wounded.
The orc priest casts a cantrip, but nothing happens.
The orc priest hits you but does no damage.
You shoot an arrow. The arrow barely misses the orc priest.
The orc priest hits you with a +0 whip.
You shoot an arrow.
The arrow closely misses the orc priest.
The orc priest invokes the aid of Beogh against you.
Pain shoots through your body!
You die...

########### ..........#
..........#
..........#####
..............######
..........###.##...#
######...#..#.##o#{#
#...#..#..)@#..o.....
######...#..##########....
.....#...#....... ..
...............# ##
.....##.#.†.##.#....
......)...).........
.#........#..#.#{##
.##########..#.....
...............#


You could see an orc priest.

Vanquished Creatures
  A hound (D:4)
  2 orc priests (D:4)
  An iguana (D:4)
  An orc wizard (D:4)
  3 gnolls (D:4)
  An adder (D:3)
  2 dart slugs (D:1)
  7 orcs
  6 ball pythons
  7 bats
  An endoplasm (D:3)
  A giant cockroach (D:2)
  6 goblins
  5 hobgoblins
  A jackal (D:1)
  8 kobolds
  2 quokkas (D:2)
  3 frilled lizards
  3 rats
61 creatures vanquished.

Notes
Turn   | Place    | Note
-------+----------+-------------------------------------------
     0 | D:1      | HoaS the Formicid Hunter began the quest for the Orb.
     0 | D:1      | Reached XP level 1. HP: 16/16 MP: 1/1
   121 | D:1      | Reached XP level 2. HP: 22/22 MP: 2/2
   376 | D:1      | Reached XP level 3. HP: 24/27 MP: 3/3
   696 | D:1      | Reached skill level 5 in Ranged Weapons
  1180 | D:2      | Found Husaeth's Jewellery Shop.
  1261 | D:2      | Found Mioxaps's Antique Weapon Emporium.
  1589 | D:2      | Found Huinnoot's Antique Weapon Boutique.
  1791 | D:3      | Reached XP level 4. HP: 33/33 MP: 4/4
  2334 | D:4      | Reached skill level 6 in Ranged Weapons
  2334 | D:4      | Reached XP level 5. HP: 38/38 MP: 5/5
  2742 | D:4      | Reached XP level 6. HP: 44/44 MP: 6/6
  2766 | D:4      | Reached skill level 7 in Ranged Weapons
  2807 | D:4      | Killed from afar by an orc priest

Illustrated notes

Levels and vault maps discovered:
D:1:      dpeg_arrival_brainrot, layout_basic, chequers_arboretum,
          minmay_tetromino_s2
D:2:      layout_loops_ring, serial_shops, nicolae_square_shop, shop,
          nicolae_shop_stone, kennysheep_generic_room_12
D:3:      layout_basic
D:4:      layout_basic

Skill      XL: |  1  2  3  4  5  6 |
---------------+-------------------+-----
Ranged Weapons | 5 6 7 |  7.2
Fighting       | |  2.1
Dodging        | |  1.7
Stealth        | |  1.2

Action                     |  1- 3 |  4- 6 || total
---------------------------+-------+-------++-------
   Fire: Shortbow          |   106 |    91 ||   197
    Use: Scroll            |     6 |     5 ||    11
 Armour: Leather armour    |    12 |     6 ||    18
  Dodge: Dodged            |    36 |    30 ||    66

Table legend: (Time is in decaauts)
 A = Elapsed time spent in this place.
 B = Non-inter-level travel time spent in this place.
 C = Inter-level travel time spent in this place.
 D = Time resting spent in this place.
 E = Time spent auto-exploring this place.
 F = Levels seen in this place.
 G = Mean time per level.
                   A        B        C        D        E       F      G
               +--------+--------+--------+--------+--------+-----+--------+
         Total |   2860 |   2751 |    109 |    467 |   1836 |   4 |  715.0 |
       Dungeon |   2860 |   2751 |    109 |    467 |   1836 |   4 |  715.0 |
               +--------+--------+--------+--------+--------+-----+--------+

Top non-repeatable levels by time:
     D:1: 1014 daAuts
     D:2: 733 daAuts
     D:3: 565 daAuts
     D:4: 547 daAuts
